 Dungeon Crawl Stone Soup version 0.20.1-1-g8b1a95d (webtiles) character file.

48 Kajir the Skirmisher (level 3, -1/30 HPs)
             Began as a Demonspawn Abyssal Knight on July 19, 2017.
             Was a Believer of Lugonu.
             Slain by a rat (2 damage)
             ... on level 2 of the Dungeon.
             The game lasted 00:14:02 (1381 turns).

Kajir the Skirmisher (Demonspawn Abyssal Knight)    Turns: 1381, Time: 00:14:04

Health: -1/30      AC:  3    Str: 13    XL:     3   Next: 50%
Magic:  5/5        EV: 10    Int: 13    God:    Lugonu [**....]
Gold:   65         SH:  0    Dex: 12    Spells: 2/2 levels left

rFire    . . .     SeeInvis .   a - +1 mace
rCold    . . .     Gourm    .   (no shield)
rNeg     . . .     Faith    .   f - +0 ring mail
rPois    .         Spirit   .   (no helmet)
rElec    .         Reflect  .   (no cloak)
rCorr    .         Harm     .   (no gloves)
MR       .....                  (no boots)
Stlth    +.........             (no amulet)
Regen    0.1/turn               t - -2 ring of protection (curse)
MPRegen  0.1/turn               (no ring)

@: no status effects
A: talons 1
a: Depart the Abyss, Bend Space, Renounce Religion


You were on level 2 of the Dungeon.
You worshipped Lugonu.
Lugonu was pleased with you.
You were hungry.

You visited 1 branch of the dungeon, and saw 2 of its levels.
You visited the Abyss 1 time.

You collected 65 gold pieces.

Inventory:

Hand Weapons
 a - a +1 mace (weapon)
 e - a +0 dagger
 j - a +0 short sword
 n - a +0 dagger
 s - a +0 short sword
Missiles
 o - 20 arrows
Armour
 b - a +0 leather armour
 f - a +0 ring mail (worn)
 p - a cursed -2 robe
Jewellery
 t - a cursed -2 ring of protection (left hand)
Scrolls
 d - a scroll of random uselessness {unknown}
 k - a scroll of teleportation
Potions
 g - a potion of haste {unknown}
 i - a potion of heal wounds {unknown}
 l - a potion of degeneration {unknown}
 r - 3 potions of curing
Comestibles
 c - a bread ration
 h - 3 chunks of flesh
 m - a royal jelly
 q - 2 fruits


   Skills:
 + Level 3.8 Fighting
 + Level 2.4 Maces & Flails
 + Level 2.0 Armour
 + Level 1.0 Dodging
 + Level 2.7 Invocations


You had 2 spell levels left.
You didn't know any spells.

Dungeon Overview and Level Annotations

Branches:
Dungeon (2/15)

Altars:
Ru


Innate Abilities, Weirdness & Mutations

You have sharp toenails.


Message History

You closely miss the hobgoblin.
You claw the hobgoblin, but do no damage.
The hobgoblin barely misses you. The rat barely misses you.
You hit the hobgoblin but do no damage. You claw the hobgoblin.
The hobgoblin is lightly wounded.
The rat bites you but does no damage. The hobgoblin hits you with a club.
You closely miss the hobgoblin. Your kick misses the hobgoblin.
The hobgoblin is lightly wounded.
The rat bites you but does no damage.
The hobgoblin hits you but does no damage.
A hobgoblin comes into view. It is wielding a club.
You closely miss the rat. The rat bites you.
The hobgoblin hits you with a club. The rat bites you but does no damage.
You closely miss the rat. Your kick misses the rat.
The hobgoblin hits you with a club.
* * * LOW HITPOINT WARNING * * *
The hobgoblin hits you with a club.
* * * LOW HITPOINT WARNING * * *
The rat bites you.
You die...

...##. .......
..............
........#......! #...
...........# #..#
#?...rK... #..###...
>..##..
#..##...##.......
#####...._grg(.......
#..........@###.##...
#...<...........#
#<..........###....
#.........#..# ..
#.........##.#
######...## .#
###..## .# ##.(..# .#
##...###


You could see 2 hobgoblins and a rat.

Vanquished Creatures
  An adder (D:1)
  2 dart slugs (D:1)
  A leopard gecko (D:2)
  A giant cockroach (D:1)
  7 goblins (D:1)
  2 hobgoblins (D:1)
  5 kobolds
  A quokka (D:1)
  4 bats
  3 frilled lizards (D:1)
  7 rats (D:1)
34 creatures vanquished.

Notes
Turn   | Place    | Note
-------+----------+-------------------------------------------
     0 | Abyss:1  | Kajir the Demonspawn Abyssal Knight began the quest for the Orb.
     0 | Abyss:1  | Reached XP level 1. HP: 18/18 MP: 2/2
   102 | Abyss:1  | Noticed a small abomination
   149 | D:1      | Escaped the Abyss
   175 | D:1      | Reached skill level 1 in Dodging
   334 | D:1      | Gained mutation: You have sharp toenails. [demonic ancestry]
   334 | D:1      | Reached XP level 2. HP: 24/24 MP: 3/3
   529 | D:1      | Reached ** piety under Lugonu
   764 | D:1      | Reached XP level 3. HP: 29/29 MP: 5/5
  1336 | D:2      | Found a sacrificial altar of Ru.
  1381 | D:2      | HP: 1/30 [hobgoblin/club (4)]
  1381 | D:2      | Slain by a rat

Skill      XL: |  1  2 |
---------------+-------+-----
Dodging        | 1 |  1.0
Maces & Flails | 2 |  2.4
Armour         | 2 |  2.0
Fighting       | |  3.8
Invocations    | |  2.7

Action                   || total
-------------------------++-------
Melee: Mace              ||    79
       Kick              ||    12
  Use: Scroll            ||     3
  Eat: Chunk             ||     1
Armor: Ring mail         ||    25
Dodge: Dodged            ||    48
